Nobbs, chaotic male elven Wizard ------------------------ |..^^^^^^^^^^^^^^^^^^..| |..-------------------.| ----.| ----- |.| |..|`-- --...| |.| |.....|--|.`..| |.| |.```.|..|.``.| |.| --..m`|`....`-- |.| |``@....|`..| ------|.| |.``.|..|.`.| --|.....|.| |.`.`---|`..| |.+.....|.| |.......|..-- |-|.....|.| ----.`..|.-- |.+.....+.| ---.--.| |-|.....|-- |....%| |.+.....| |>.|..| --|.....| ------- ------- Nobbs the Conjurer Experience level: 5 Strength: 12 Dexterity: 14 Constitution: 13 Intelligence: 16 Wisdom: 11 Charisma: 12 Health: 0(29) Energy: 57(74) Def: 2 Gold: 830 Moves: 3419 Dungeon seed: sEA6CuX6EFCDZ5uZ Game ID: Nobbs_1510437022 Your Inventory: Coins $ - 830 gold pieces Wands b - a wand of lightning (0:8) q - a wand of cancellation (0:6) D - a wand of magic missile (0:5) G - a wand of secret door detection (0:13) R - a wand of digging (0:7) W - a wand of speed monster (0:2) Weapons a - a blessed +1 quarterstaff (weapon in hands) p - 9 blessed +1 darts A - a blessed +0 silver saber Armor e - an uncursed +0 cloak of magic resistance (being worn) r - an uncursed +0 pair of high boots y - an uncursed +0 pair of speed boots (being worn) z - an uncursed +0 cloak of protection Comestibles x - 3 uncursed food rations H - an uncursed lichen corpse I - an uncursed slime mold O - an uncursed fortune cookie V - an uncursed carrot Scrolls i - an uncursed scroll of confuse monster j - an uncursed scroll of light k - an uncursed scroll of enchant weapon s - an uncursed scroll of enchant armor u - an uncursed scroll of destroy armor B - an uncursed scroll of remove curse F - 2 uncursed scrolls of identify K - 2 uncursed scrolls of blank paper L - an uncursed scroll of amnesia N - an uncursed scroll of fire Q - a blessed scroll of amnesia S - 2 uncursed scrolls of earth Spellbooks l - a blessed spellbook of force bolt m - an uncursed spellbook of light t - an uncursed spellbook of cancellation Potions f - an uncursed potion of healing g - an uncursed potion of confusion h - an uncursed potion of monster detection C - an uncursed potion of blindness J - an uncursed potion of restore ability P - an uncursed potion of gain energy Rings c - an uncursed ring of teleportation d - an uncursed ring of shock resistance (on left hand) w - an uncursed ring of see invisible T - an uncursed ring of conflict U - an uncursed ring of invisibility X - a blessed +2 ring of adornment Tools n - an uncursed blindfold o - an uncursed leather drum v - a magic marker (0:79) Spells and supernatural/magical abilities: Name Level Category Fail Memory a - force bolt 1 attack 0% 83% l - light 1 divination 0% 83% C - cancellation 7 matter 100% 85% W - pray for help -- divine ? -- Your skills at the end: Fighting Skills Weapon Skills quarterstaff [Basic] Spellcasting Skills attack spells [Basic] enchantment spells [Basic] Final Attributes: You were piously aligned. You were sleep resistant. You were shock resistant. You were magic-protected. You had infravision. You were held by a giant mimic. You were very fast. You are dead. Vanquished creatures: a shrieker a guardian naga hatchling a paper golem 3 floating eyes a kitten 4 hill orcs a monkey an iguana 2 coyotes a gas spore 2 giant rats 2 cave spiders a brown mold a green mold 3 geckos 4 jackals a fox a kobold a sewer rat 5 grid bugs 3 lichens 2 kobold zombies 42 creatures vanquished. Voluntary challenges: You were an atheist. You used a wielded weapon 26 times, starting on turn 29. You read items or engraved 120 times, starting on turn 64. You never genocided any monsters. You never polymorphed an object. You never changed form. You used no wishes. You never split a pudding. You wrote Elbereth's name 54 times, starting on turn 64. You never violated your personal moral code. Dungeon overview: The Dungeons of Doom: levels 1 to 9 Level 1 a long staircase Level 2 a fountain Level 3 a general store a long staircase Level 4 an armor shop Level 5 a general store, a fountain Level 6 a fountain Level 7 Level 8 many fountains Level 9 stairs to Sokoban Sokoban: levels 5 to 8 Level 5 <- You were here Level 6 Level 7 Level 8 stairs to The Dungeons of Doom History has recorded: On T:1 you entered the Dungeons of Doom to retrieve the Amulet of Yendor! On T:192 you reached level 2 of The Dungeons of Doom. On T:508 you reached level 3 of The Dungeons of Doom. On T:956 you reached level 4 of The Dungeons of Doom. On T:960 you advanced to experience level 2. On T:1201 you reached level 5 of The Dungeons of Doom. On T:1400 you reached level 6 of The Dungeons of Doom. On T:1419 you advanced to experience level 3. On T:1759 you advanced to experience level 4. On T:1796 you reached level 7 of The Dungeons of Doom. On T:1971 you reached level 8 of The Dungeons of Doom. On T:2171 you reached level 9 of The Dungeons of Doom. On T:2363 you reached level 4 of Sokoban. On T:2566 you advanced to experience level 5. On T:2641 you reached level 3 of Sokoban. On T:3080 you reached level 2 of Sokoban. On T:3392 you reached level 1 of Sokoban. Score breakdown: Gold: 830 ( 9931 points) Experience: 5 levels (11141 points) Exploration: 9 levels ( 16.98%) (11766 points) Discoveries: 5 items ( 1.81%) ( 4037 points) Valuables value: (no points given unless you survive) Artifact value: 0 ( 0 points) Variety of kills: 22 monsters ( 5.77%) ( 7208 points) Turncount: 3419 turns ( -793 points) Survival: died (score multiplied by 80%) Total score: 34632 Latest messages: You kill the cave spider! You see here a cave spider corpse. You see here 2 food rations. The spell hits the brown mold! You kill the brown mold! You have a little trouble lifting X - a coral ring. With great effort you move the boulder. You see here a slime mold. With great effort you move the boulder. Wait! That's a giant mimic! You miss the giant mimic. You hit the giant mimic. You miss the giant mimic. The giant mimic hits! (2x) You miss the giant mimic. (2x) You hit the giant mimic! You miss the giant mimic. You hit the giant mimic. The giant mimic hits! You die... Final status: Goodbye Nobbs the Wizard, killed by a giant mimic... You died in Sokoban on dungeon level 5 with 34632 points, and 830 pieces of gold, after 3419 moves. You were level 5 with a maximum of 29 hit points when you died.